 Dungeon Crawl Stone Soup version 0.20-a0-540-ge6d1839 (webtiles) character file.

24875 Dragon983 the Spear-Bearer (level 13, 0/163 HPs)
             Began as a Human Berserker on Jan 30, 2017.
             Was a High Priest of Trog.
             Slain by a two-headed ogre
             ... wielding a +0 giant club
              (16 damage)
             ... on level 13 of the Dungeon.
             The game lasted 00:49:33 (19471 turns).

Dragon983 the Spear-Bearer (Human Berserker)       Turns: 19471, Time: 00:49:34

Health: 0/163      AC: 18    Str: 22    XL:     13   Next: 46%
Magic:  0/13       EV: 12    Int:  9    God:    Trog [*****.]
Gold:   610        SH:  0    Dex: 20    Spells: 12/12 levels left

rFire    . . .     SeeInvis .   Q - +4 glaive
rCold    . . .     Gourm    .   T - +0 plate armour
rNeg     . . .     Faith    .   (shield currently unavailable)
rPois    +         Spirit   +   J - +0 helmet
rElec    .         Reflect  .   N - +1 cloak
rCorr    .         Harm     .   (no gloves)
MR       .....                  (no boots)
Stlth    ..........             U - amulet of guardian spirit
Regen    0.4/turn               D - +3 ring of dexterity
                                R - ring of poison resistance

@: berserking, very quick
A: no striking features
a: Berserk, Trog's Hand, Brothers in Arms, Burn Spellbooks, Renounce Religion


You were on level 13 of the Dungeon.
You worshipped Trog.
Trog was extremely pleased with you.
You were hungry.

You visited 1 branch of the dungeon, and saw 13 of its levels.

You collected 745 gold pieces.
You spent 135 gold pieces at shops.

Inventory:

Hand Weapons
 H - a +0 spear
 O - a +3 scimitar of flaming
 Q - a +4 glaive (weapon)
Armour
 J - a +0 helmet (worn)
 N - a +1 cloak (worn)
 T - a +0 plate armour (worn)
Jewellery
 b - a +3 ring of strength
 k - an uncursed ring of protection from cold
 D - a +3 ring of dexterity (right hand)
 R - a ring of poison resistance (left hand)
 U - an amulet of guardian spirit (around neck)
 V - a +4 ring of intelligence {unknown}
Wands
 d - a wand of iceblast (6/15)
 r - a wand of flame (22/48)
 G - a wand of flame (22/48)
 L - a wand of digging (9/24)
Scrolls
 a - a scroll of silence {unknown}
 e - 6 scrolls of recharging
 f - a scroll of immolation {unknown}
 i - 5 scrolls of blinking
 j - 4 scrolls of fog
 n - 3 scrolls of remove curse
 o - a scroll of enchant armour {unknown}
 p - 3 scrolls of teleportation
 u - a scroll of random uselessness {unknown}
 y - 2 scrolls of fear
 F - 2 scrolls of identify
 P - 2 scrolls of enchant weapon {unknown}
 X - a scroll of brand weapon {unknown}
Potions
 g - a potion of magic {unknown}
 h - a potion of curing
 s - 2 potions of lignification {unknown}
 t - 2 potions of agility {unknown}
 x - 2 potions of ambrosia {unknown}
 z - 3 potions of haste {unknown}
 A - a potion of cancellation {unknown}
 C - 2 potions of might
 I - a potion of degeneration {unknown}
 M - a potion of flight {unknown}
 Y - 2 potions of mutation {unknown}
Comestibles
 c - 6 bread rations
 l - 7 royal jellies
 v - 2 meat rations
 w - 2 fruits


   Skills:
 + Level 12.6 Fighting
 + Level 13.0 Polearms
 + Level 9.3 Armour
 + Level 9.2 Dodging


You had 12 spell levels left.
You didn't know any spells.

Dungeon Overview and Level Annotations

Branches:
Dungeon (13/15)            Temple (0/1) D:5            Lair (0/6) D:8
    Orc (0/2) D:10
 Vaults: D:13-14

Altars:
Cheibriados
Gozag
Nemelex Xobeh
Ru
Xom
Zin
The Shining One

Shops:
D:5 !   D:7 =


Message History

The two-headed ogre is almost dead.
Your plate armour prevents you from hitting the two-headed ogre.
The two-headed ogre is almost dead.
The two-headed ogre barely misses you. The two-headed ogre closely misses you.
Your plate armour prevents you from hitting the two-headed ogre.
The two-headed ogre is almost dead.
The two-headed ogre hits you but does no damage.
The two-headed ogre hits you with a giant club!
* * * LOW HITPOINT WARNING * * *
You completely miss the two-headed ogre.
The two-headed ogre is almost dead.
The two-headed ogre hits you with a giant club!
* * * LOW HITPOINT WARNING * * *
The two-headed ogre hits you with a giant club!
* * * LOW HITPOINT WARNING * * *
A red film seems to cover your vision as you go berserk!
You feel yourself moving faster!
You feel mighty!
You are feeling hungry.
The two-headed ogre hits you with a giant club!
You die...

......................,,,,,,,*,,,
......................,,,,,,***,*
....................#,,,,,,,,,**,
...................##*,,,,,,,,***
.......≈≈≈..........#*,*,,,***,,*
......≈≈≈≈≈......##.#*.*,*** *,**
......≈≈≈≈≈......#.##.#,,* ****
......≈≈≈≈≈.....#?.#..##**
.......≈≈≈....:O@......#
.#........#........#..##*
*,,,,,,....#.....#..#...#
*,,,,,,.#..#...#####.####
,,,,,,,,###.##.# *##
*,,,,,*,,#.#,..# *,,,,,,*,#.*####
,*,,,,*,*.*,* *,*,,,,,#,,**


You could see a two-headed ogre.

Vanquished Creatures
  Nessos (D:12)
  Erolcha (D:10)
  A hydra (D:11)
  Erica (D:8)
  7 two-headed ogres
  The ghost of Oki the Martial Artist, a novice OpFi of Ru (D:8)
  Sonja (D:11)
  An unseen horror (D:13)
  An ugly thing (D:11)
  Psyche (D:11)
  Joseph (D:8)
  An efreet (D:13)
  5 trolls
  A hornet (D:12)
  2 hippogriffs
  2 wraiths
  17 yaks
  A shadow (D:13)
  4 wyverns
  A human (D:8)
  4 hogs (D:8)
  A basilisk (D:12)
  Eustachio (D:6)
  A steam dragon (D:11)
  Grum (D:8)
  Edmund (D:7)
  A soldier ant (D:10)
  A water moccasin (D:13)
  3 black bears
  4 sky beasts
  2 orc warriors
  5 ice beasts
  4 ogres
  A necrophage (D:11)
  2 wolves (D:8)
  11 centaurs
  A crocodile (D:9)
  A big kobold (D:9)
  6 bullfrogs
  6 scorpions
  6 killer bees (D:11)
  4 wights (D:13)
  2 electric eels (D:13)
  12 howler monkeys
  9 crimson imps
  3 centaur zombies
  A quasit (D:6)
  5 hounds
  A bullfrog zombie (D:12)
  2 jellies
  6 orc priests
  A bullfrog skeleton (D:7)
  4 centaur skeletons
  3 iguanas
  11 orc wizards
  6 worker ants
  5 ogre zombies (D:10)
  A hound zombie (D:9)
  A worker ant zombie (D:8)
  12 adders
  3 gnolls (D:8)
  A shadow imp (D:5)
  12 white imps (D:13)
  A worm (D:4)
  A dart slug (D:1)
  2 leopard geckos
  44 orcs
  11 bats
  10 giant cockroaches
  10 goblins
  6 hobgoblins
  9 jackals
  14 kobolds
  3 quokkas
  A ball python (D:4)
  4 frilled lizards
  2 goblin zombies (D:10)
  A hobgoblin skeleton (D:10)
  3 hobgoblin zombies (D:10)
  A leopard gecko skeleton (D:8)
  A leopard gecko zombie (D:9)
  7 orc zombies (D:10)
  A quokka skeleton (D:5)
  5 rats
356 creatures vanquished.

Vanquished Creatures (collateral kills)
  Urug (D:11)
  2 hungry ghosts (D:10)
  An orc priest (D:10)
  3 ogre zombies (D:10)
  A goblin zombie (D:10)
  3 hobgoblin skeletons (D:10)
  An orc skeleton (D:10)
  7 orc zombies (D:10)
19 creatures vanquished.

Vanquished Creatures (others)
  An orc priest (D:10)
  2 orcs (D:10)
3 creatures vanquished.

Grand Total: 378 creatures vanquished

Notes
Turn   | Place    | Note
-------+----------+-------------------------------------------
     0 | D:1      | Dragon983 the Human Berserker began the quest for the Orb.
     0 | D:1      | Reached XP level 1. HP: 18/18 MP: 1/1
   286 | D:1      | Reached XP level 2. HP: 20/24 MP: 2/2
   599 | D:1      | Reached XP level 3. HP: 29/29 MP: 3/3
   884 | D:1      | Reached ** piety under Trog
  1230 | D:2      | Reached skill level 4 in Polearms
  1354 | D:2      | Reached XP level 4. HP: 37/37 MP: 4/4
  2036 | D:3      | Reached XP level 5. HP: 42/42 MP: 5/5
  2401 | D:3      | Found a sacrificial altar of Ru.
  2989 | D:4      | Found a glowing silver altar of Zin.
  3065 | D:4      | Reached XP level 6. HP: 19/49 MP: 6/6
  3069 | D:4      | Reached skill level 5 in Polearms
  3429 | D:4      | Reached *** piety under Trog
  3480 | D:5      | Entered Level 5 of the Dungeon
  3488 | D:5      | Found Ufuuvoq's Distillery.
  3508 | D:5      | Bought a potion of might for 60 gold pieces
  3508 | D:5      | Bought a potion of heal wounds for 75 gold pieces
  3536 | D:5      | Found an opulent altar of Gozag.
  3590 | D:5      | Found a sparkling altar of Nemelex Xobeh.
  3616 | D:5      | Reached skill level 5 in Fighting
  3617 | D:5      | Noticed a sky beast
  3638 | D:5      | Killed a sky beast
  3908 | D:5      | Reached XP level 7. HP: 56/56 MP: 7/7
  4312 | D:5      | Noticed a troll
  4327 | D:5      | Killed a troll
  4327 | D:5      | Reached skill level 6 in Polearms
  4416 | D:5      | Reached XP level 8. HP: 65/65 MP: 8/8
  4512 | D:5      | Found a staircase to the Ecumenical Temple.
  4517 | D:5      | Reached skill level 7 in Polearms
  5027 | D:6      | Noticed Eustachio
  5041 | D:6      | Killed Eustachio
  5426 | D:6      | Reached skill level 8 in Polearms
  5431 | D:6      | Reached XP level 9. HP: 36/74 MP: 9/9
  5830 | D:6      | Found a shimmering altar of Xom.
  5836 | D:6      | Found a glowing golden altar of the Shining One.
  6598 | D:6      | Reached skill level 9 in Polearms
  7271 | D:7      | Reached **** piety under Trog
  7855 | D:7      | Noticed Edmund
  7874 | D:7      | Killed Edmund
  8074 | D:7      | Found Ebase's Jewellery Boutique.
  8308 | D:8      | Found a staircase to the Lair.
  8318 | D:8      | Noticed Grum
  8329 | D:8      | Reached XP level 10. HP: 84/84 MP: 10/10
  8342 | D:8      | Killed Grum
  8602 | D:8      | Noticed Oki's ghost (novice OpFi)
  8627 | D:8      | Killed Oki's ghost
  8627 | D:8      | Reached skill level 10 in Fighting
  8627 | D:8      | Reached skill level 10 in Polearms
  8930 | D:8      | Noticed Erica
  8960 | D:8      | Killed Erica
  9325 | D:8      | Noticed Joseph
  9341 | D:8      | Killed Joseph
  9965 | D:9      | Reached XP level 11. HP: 62/92 MP: 11/11
 10006 | D:9      | Found a snail-covered altar of Cheibriados.
 11203 | D:10     | Entered Level 10 of the Dungeon
 11372 | D:10     | Found a staircase to the Orcish Mines.
 11418 | D:10     | Reached skill level 5 in Armour
 11452 | D:10     | Reached skill level 5 in Dodging
 11574 | D:10     | Reached ***** piety under Trog
 11671 | D:10     | Reached skill level 11 in Polearms
 11970 | D:10     | Noticed a two-headed ogre
 11991 | D:10     | Killed a two-headed ogre
 12517 | D:10     | Noticed a two-headed ogre
 12527 | D:10     | Killed a two-headed ogre
 12568 | D:10     | Noticed a two-headed ogre
 12594 | D:10     | Killed a two-headed ogre
 12674 | D:10     | Noticed a two-headed ogre
 12685 | D:10     | Killed a two-headed ogre
 13259 | D:10     | Reached XP level 12. HP: 53/100 MP: 12/12
 13679 | D:11     | Noticed Psyche
 13691 | D:11     | Killed Psyche
 13701 | D:11     | Noticed Urug
 13702 | D:11     | Noticed Sonja
 14341 | D:11     | Noticed an eight-headed hydra
 14477 | D:11     | Killed an eight-headed hydra
 14776 | D:11     | Noticed Erolcha
 14823 | D:11     | Paralysed by Erolcha for 4 turns
 14840 | D:10     | HP: 1/100 [Erolcha/orb of energy (19)]
 14860 | D:10     | Killed Erolcha
 14860 | D:10     | Reached skill level 12 in Polearms
 15094 | D:11     | Killed Urug
 15337 | D:12     | Noticed Nessos
 15949 | D:12     | Killed Nessos
 16327 | D:12     | Noticed a two-headed ogre
 16342 | D:12     | Killed a two-headed ogre
 16666 | D:12     | Reached XP level 13. HP: 84/108 MP: 13/13
 17746 | D:11     | Killed Sonja
 18972 | D:13     | Received a gift from Trog
 19447 | D:13     | Reached skill level 13 in Polearms
 19471 | D:13     | Slain by a two-headed ogre

Vault maps used:
D:1:      eino_arrival_cavern_d
D:2:      minmay_misc_feat_rugged, kennysheep_nondescript
D:3:      overflow_temple_1_default
D:4:      nicolae_overflow_crystal_walls
D:5:      lemuel_coloured_pillars_altar, old_standard_altar,
          minmay_temple_entry_fiery, first_bread, serial_shops, shop_coins,
          uniq_edmund
D:6:      minitemple, uniq_eustachio
D:7:      serial_shops, shop
D:8:      dpeg_oklobed_lair, nicolae_two_hexagons, grunt_livestock, uniq_joseph,
          uniq_erica, uniq_grum
D:9:      lemuel_round_altar
D:10:     zombieorc2_lemuel, serial_column_ruins, column_ruins_hut,
          column_ruins_square_medium, column_ruins_corridor_straight,
          column_ruins_open_tiny, column_ruins_corridor_corner,
          column_ruins_columns_straight, column_ruins_columns_straight,
          column_ruins_grid_1, column_ruins_open_medium
D:11:     uniq_psyche, uniq_erolcha, uniq_sonja, uniq_urug
D:12:     uniq_nessos
D:13:     lightli_vaults_fourway_checkpoint, portal_ice_cave_entry_imps

Skill      XL: |  1  2  3  4  5  6  7  8  9 10 11 12 13 |
---------------+----------------------------------------+-----
Polearms       | 4 5 6 8 9 10 11 12 13 | 13.0
Fighting       | 4 5 6 7 9 10 11 12 | 12.6
Armour         | 4 6 8 9 |  9.3
Dodging        | 4 6 8 9 |  9.2

Action                   |  1- 3 |  4- 6 |  7- 9 | 10-12 | 13-15 || total
-------------------------+-------+-------+-------+-------+-------++-------
Melee: Spear             |    97 |   237 |   563 |   941 |       ||  1838
       Glaive            |       |       |       |   160 |   212 ||   372
Invok: Berserk           |     2 |     6 |    13 |    22 |     5 ||    48
       Trog's Hand       |       |     2 |     2 |    11 |     3 ||    18
       Burn Spellbooks   |       |       |     1 |       |       ||     1
       Brothers in Arms  |       |       |       |     3 |       ||     3
  Use: Scroll            |       |       |     3 |     1 |     7 ||    11
       Potion            |       |       |       |    14 |       ||    14
  Eat: Chunk             |     3 |    11 |    20 |    31 |     5 ||    70
       Bread ration      |       |     1 |       |     4 |     1 ||     6
       Meat ration       |       |       |     1 |     1 |     1 ||     3
       Fruit             |       |       |     1 |       |       ||     1
Armor: Animal skin       |     4 |       |       |       |       ||     4
       Ring mail         |    26 |    68 |   137 |    57 |       ||   288
       Plate armour      |       |       |       |   410 |   190 ||   600
Dodge: Dodged            |    57 |   122 |   209 |   452 |   139 ||   979
